 Dungeon Crawl Stone Soup version 0.30-a0-241-g1121274140 (webtiles) character file.

Game seed: 18100305876960468628

441 qw the Chopper (level 7, -1/44 HPs)
             Began as a Gargoyle Fighter on Oct 10, 2022.
             Was an Initiate of Okawaru.
             Slain by Edmund
             ... wielding a +4 flail of protection
              (4 damage)
             ... on level 5 of the Dungeon.
             The game lasted 00:01:08 (3502 turns).

qw the Chopper (Gargoyle Fighter)                   Turns: 3502, Time: 00:01:09

Health: -1/44      AC: 17    Str: 28    XL:     7   Next: 2%
Magic:  7/7        EV:  6    Int:  8    God:    Okawaru [......]
Gold:   217        SH:  9    Dex: 15    Spells: 6/6 levels left

rFire   . . .      SeeInvis .    u - +0 war axe (vamp)
rCold   . . .      Faith    .    f - +0 kite shield
rNeg    + . .      Spirit   .    l - +0 plate armour
rPois   inf        Reflect  .    (no helmet)
rElec   +          Harm     .    o - +0 cloak
rCorr   .          Rampage  .    (no gloves)
Will    .....                    (no boots)
Stlth   ..........               (no amulet)
HPRegen 0.27/turn                j - +6 ring of dexterity
MPRegen 0.10/turn                s - +6 ring of strength

@: no status effects
A: sickness immunity, AC +4, negative energy resistance 1, electricity
resistance, torment resistance 1, petrification resistance
a: Renounce Religion


You were on level 5 of the Dungeon.
You worshipped Okawaru.
Okawaru was noncommittal.
You visited 2 branches of the dungeon, and saw 6 of its levels.

You collected 217 gold pieces.


Innate Abilities, Weirdness & Mutations

You are immune to sickness and miasma.
Your stone body is resilient. (AC +4)
You are immune to poison.
You resist negative energy. (rN+)
You are resistant to electric shocks. (rElec)
You are resistant to unholy torment.
You are immune to petrification.


   Skills:
 - Level 4.6 Fighting
 - Level 5.0 Axes
 - Level 3.2 Armour
 - Level 2.1 Dodging
 + Level 4.1 Shields


You had 6 spell levels left.
You didn't know any spells.
Your spell library was empty.

Inventory:

Hand Weapons
 u - a +0 vampiric war axe (weapon)
 v - a +2 flail of holy wrath
Missiles
 h - 2 boomerangs (quivered)
Armour
 f - a +0 kite shield (worn)
 l - a +0 plate armour (worn)
 o - a +0 cloak (worn)
Jewellery
 a - a ring of fire
 j - a +6 ring of dexterity (left hand)
 s - a +6 ring of strength (right hand)
Scrolls
 m - a scroll of identify
Potions
 c - a potion of degeneration {unknown}
 d - a potion of might
 g - a potion of berserk rage {unknown}
 i - 3 potions of curing
 k - a potion of lignification
 r - a potion of mutation {unknown}

Dungeon Overview and Level Annotations

Branches:
Dungeon (5/15)             Temple (1/1) D:4

Altars:
Ashenzari
Dithmenos
Gozag
Hepliaklqana
Makhleb
Nemelex Xobeh
Okawaru
Ru
Trog
Uskayaw
Vehumet
Wu Jian
Xom
Yredelemnul
Zin

Annotations:
D:3 3 runed translucent doors, qw's ghost, amateur GrFi
D:4 1 runed translucent door, Crazy Yiuf
D:5 Edmund


Message History

Press: ? - help, Q - select action Shift-Dir - straight line, f - Edmund You throw a boomerang.
The boomerang hits Edmund but does no damage.
Throw: 2 boomerangs
Press: ? - help, Q - select action Shift-Dir - straight line, f/p - Edmund You throw a boomerang.
The boomerang hits Edmund but does no damage.
Throw: 2 boomerangs
Press: ? - help, Q - select action Shift-Dir - straight line, f/p - Edmund You throw a boomerang.
The boomerang hits Edmund but does no damage.
You hit Edmund.
Edmund is lightly wounded.
Edmund hits you with a +4 flail of protection.
You hit Edmund.
Edmund is lightly wounded.
You block Edmund's attack.
Edmund hits you with a +4 flail of protection!
You hit Edmund but do no damage.
Edmund is lightly wounded.
Edmund hits you with a +4 flail of protection!
You closely miss Edmund.
Edmund is lightly wounded.
Edmund hits you with a +4 flail of protection!
Edmund hits you with a +4 flail of protection.
3499 ||| READING scroll of teleportation.
As you read the scroll of teleportation, it crumbles to dust.
You feel strangely unstable.
Edmund hits you with a +4 flail of protection!
You hit Edmund but do no damage.
Edmund is lightly wounded.
You block Edmund's attack.
You hit Edmund but do no damage.
Edmund is lightly wounded.
Your surroundings seem slightly different.
You hit Edmund but do no damage.
Edmund is lightly wounded.
Edmund hits you but does no damage.
Edmund hits you with a +4 flail of protection.
You die...

#..................#
#).................#
#..................#
#..................# .
##....#######..##.####
..########...##..##.#..#
..........ยค...........#.
........@.............#.
.......@..............#.
########################


You could see Edmund.

Vanquished Creatures
  A sky beast (D:4)
  An ogre (D:4)
  A phantom (D:4)
  An orc priest (D:3)
  A hound (D:4)
  An orc wizard (D:3)
  4 gnolls (D:4)
  An adder (D:2)
  An ufetubus (D:4)
  A worm (D:3)
  A dart slug (D:2)
  4 orcs (D:3)
  9 ball pythons
  3 endoplasms
  A giant cockroach (D:3)
  7 goblins
  2 hobgoblins
  6 jackals (D:1)
  3 quokkas
  5 bats
  A frilled lizard (D:3)
  3 kobolds
  7 rats
65 creatures vanquished.

Notes
Turn   | Place    | Note
-------+----------+-------------------------------------------
     0 | D:1      | qw the Gargoyle Fighter began the quest for the Orb.
     0 | D:1      | Reached XP level 1. HP: 14/14 MP: 1/1
     0 | D:1      | 0 ||| qw: Version: 0.2-a-17-g06abaee
     0 | D:1      | 0 ||| qw: Game counter: 2368
     0 | D:1      | 0 ||| qw: Always use a shield: true
     0 | D:1      | 0 ||| qw: God list: Okawaru
     0 | D:1      | 0 ||| qw: Allow faded altars: false
     0 | D:1      | 0 ||| qw: Do Orc after D:15 true
     0 | D:1      | 0 ||| qw: Do second Lair branch before Depths: true
     0 | D:1      | 0 ||| qw: Lair rune preference: random
     0 | D:1      | 0 ||| qw: Plans: Normal, Zot:1-4, God:TSO, Crypt, Tomb,
                  | Pan, Slime:5, Hells, Abyss, Orb
     0 | D:1      | 0 ||| PLANNING D:1-11
    63 | D:1      | Reached skill level 2 in Axes
    66 | D:1      | Found a faded altar of an unknown god.
   213 | D:1      | Reached XP level 2. HP: 19/19 MP: 2/2
   492 | D:1      | 492 ||| Stepping ~*~*~tactically~*~*~ (stealth).
   797 | D:1      | 797 ||| UPGRADING to +0 chain mail.
   807 | D:1      | 807 ||| DROPPING +0 scale mail.
   808 | D:1      | 808 ||| UPGRADING to +0 cloak.
   813 | D:1      | 813 ||| READING scroll labelled MIXKYRYN POCIE.
   814 | D:1      | 814 ||| READING scroll labelled FIHYQA JUAB.
   815 | D:1      | 815 ||| READING scroll labelled KEASOE OLEO.
   818 | D:1      | 818 ||| READING scroll labelled KIYSEPR ESHIUT.
   819 | D:1      | 819 ||| READING scroll labelled HUK ESYNOOMAXE.
   820 | D:1      | 820 ||| DRINKING 2 golden potions.
   855 | D:2      | 855 ||| STAIRDANCE
   909 | D:2      | Reached skill level 3 in Axes
   940 | D:2      | Reached XP level 3. HP: 23/23 MP: 3/3
  1193 | D:2      | You fall into a shaft and drop 1 floor!
  1199 | D:3      | 1199 ||| READING scroll labelled TISITE FE CODGH.
  1200 | D:3      | 1200 ||| DRINKING 2 green potions.
  1270 | D:3      | 1270 ||| STAIRDANCE
  1433 | D:3      | Found a runed translucent gate.
  1433 | D:3      | Found a runed translucent gate.
  1433 | D:3      | Found a runed translucent gate.
  1438 | D:3      | Found a broken altar of Ashenzari.
  1465 | D:3      | 1465 ||| Stepping ~*~*~tactically~*~*~ (hiding).
  1467 | D:3      | 1467 ||| Stepping ~*~*~tactically~*~*~ (hiding).
  1510 | D:3      | 1510 ||| Stepping ~*~*~tactically~*~*~ (stealth).
  1673 | D:3      | Reached XP level 4. HP: 28/28 MP: 4/4
  1717 | D:3      | Noticed qw's ghost (amateur GrFi)
  1733 | D:3      | Reached skill level 4 in Axes
  1741 | D:3      | Reached XP level 5. HP: 32/32 MP: 5/5
  1769 | D:3      | 1769 ||| DROPPING +0 club.
  2054 | D:3      | 2054 ||| UPGRADING to amulet of guardian spirit.
  2059 | D:3      | 2059 ||| UPGRADING to +6 ring of dexterity.
  2060 | D:3      | 2060 ||| READING 2 scrolls labelled QASHADDU HEFRO.
  2061 | D:3      | 2061 ||| DRINKING 2 bubbling dark potions.
  2062 | D:3      | 2062 ||| DROPPING potion of magic.
  2063 | D:3      | 2063 ||| DROPPING scroll of magic mapping.
  2075 | D:4      | Noticed an ogre
  2082 | D:4      | HP: 6/32 [ogre/+0 giant club (4)]
  2083 | D:4      | 2083 ||| READING 2 scrolls of teleportation.
  2085 | D:4      | Killed an ogre
  2087 | D:4      | Noticed a sky beast
  2088 | D:4      | 2088 ||| Stepping ~*~*~tactically~*~*~ (stealth).
  2090 | D:4      | 2090 ||| READING scroll of teleportation.
  2090 | D:4      | HP: 5/32 [gnoll/+0 flail (3)]
  2352 | D:4      | Found a runed translucent door.
  2353 | D:4      | Noticed Crazy Yiuf
  2381 | D:4      | Found a sparkling altar of Nemelex Xobeh.
  2412 | D:4      | Reached skill level 5 in Axes
  2412 | D:4      | Reached XP level 6. HP: 34/37 MP: 4/6
  2569 | D:4      | 2569 ||| Stepping ~*~*~tactically~*~*~ (stealth).
  2572 | D:4      | 2572 ||| Stepping ~*~*~tactically~*~*~ (stealth).
  2595 | D:4      | Found a staircase to the Ecumenical Temple.
  2600 | D:4      | 2600 ||| Stepping ~*~*~tactically~*~*~ (stealth).
  2655 | D:4      | 2655 ||| DROPPING +0 flail.
  2685 | D:4      | Killed a sky beast
  2732 | D:4      | 2732 ||| PLANNING TEMPLE
  2755 | D:4      | 2755 ||| UPGRADING to +0 kite shield.
  2765 | D:4      | 2765 ||| DROPPING +0 buckler.
  2766 | D:4      | 2766 ||| UPGRADING to +0 plate armour.
  2776 | D:4      | 2776 ||| DROPPING +0 chain mail.
  2777 | D:4      | 2777 ||| UPGRADING to +6 ring of strength.
  2778 | D:4      | 2778 ||| READING scroll labelled HANGAL JUGRETE.
  2779 | D:4      | 2779 ||| READING 4 scrolls labelled HYOTHI ETTI.
  2780 | D:4      | 2780 ||| DRINKING 2 yellow potions.
  2781 | D:4      | 2781 ||| DROPPING potion of flight.
  2782 | D:4      | 2782 ||| DROPPING 3 scrolls of blinking.
  2787 | Temple   | Entered the Ecumenical Temple
  2893 | Temple   | 2893 ||| PLANNING OKAWARU WORSHIP
  3016 | Temple   | Became a worshipper of Warmaster Okawaru
  3017 | Temple   | 3017 ||| PLANNING D:1-11
  3017 | Temple   | 3017 ||| REMOVING amulet of guardian spirit.
  3022 | Temple   | 3022 ||| DROPPING amulet of guardian spirit.
  3219 | D:4      | Reached XP level 7. HP: 39/44 MP: 7/7
  3399 | D:5      | Entered Level 5 of the Dungeon
  3490 | D:5      | Noticed Edmund
  3498 | D:5      | HP: 9/44 [Edmund/+4 flail of protection (4)]
  3499 | D:5      | 3499 ||| READING scroll of teleportation.
  3499 | D:5      | HP: 2/44 [Edmund/+4 flail of protection (8)]
  3502 | D:5      | Slain by Edmund

Levels and vault maps discovered:
D:1:      eino_arrival_cavern_c, layout_loops_corners,
          hellmonk_ecumenical_altar_dog_temple
D:2:      layout_rooms
D:3:      layout_rooms, ashenzari_altar_1, gammafunk_ghost_icy, minivault_5,
          chequers_serial_rivers_marsh
D:4:      layout_gridville, overflow_temple_1_default, temple_doors_e,
          nrook_campfire, uniq_crazy_yiuf_cottage
D:5:      layout_gridville, tgw_kikubaaqudgha, kennysheep_big_empty_room,
          uniq_menkaure, uniq_edmund
Temple:   nicolae_temple_figure_eight

Skill      XL: |  1  2  3  4  5  6 |
---------------+-------------------+-----
Axes           | 2 3 4 5 |  5.0
Dodging        | 2 |  2.1
Fighting       | 4 |  4.6
Shields        | 4 |  4.1
Armour         | |  3.2

Action                   |  1- 3 |  4- 6 |  7- 9 || total
-------------------------+-------+-------+-------++-------
Melee: War axe           |    93 |    74 |     7 ||   174
Throw: Boomerang         |    50 |    27 |     3 ||    80
  Use: Scroll            |     6 |     5 |     1 ||    12
       Potion            |     2 |     2 |       ||     4
Armor: Scale mail        |    27 |       |       ||    27
       Chain mail        |    33 |    36 |       ||    69
       Skin              |       |     3 |       ||     3
       Plate armour      |       |     5 |     1 ||     6
Dodge: Dodged            |    41 |    25 |       ||    66
Block: Buckler           |    21 |    15 |       ||    36
       Kite shield       |       |     1 |     2 ||     3

Table legend:
 A = Non-vault XP
 B = Vault XP
 C = Vault XP percentage of total XP
 D = Non-vault monster count
 E = Vault monster count
 F = Vault count percentage of total count
                 A         B        C        D         E       F
            +---------+---------+-------+---------+---------+-------
      Total |     626 |       4 |   0.6 |      63 |       2 |   3.1
            +---------+---------+-------+---------+---------+-------
        D:1 |      25 |       4 |  13.8 |      16 |       2 |  11.1
        D:2 |      32 |       0 |   0.0 |      11 |       0 |   0.0
        D:3 |     111 |       0 |   0.0 |      19 |       0 |   0.0
        D:4 |     458 |       0 |   0.0 |      17 |       0 |   0.0
            +---------+---------+-------+---------+---------+-------
